TOP OF THE 1ST |
Scottsdale Scorpions batting - Pitching for Athens Assassins : RHP Lee Hecker
|
Pitching: RHP Lee Hecker
|
|
Batting: LHB Ernesto Hernández
|
0-0: Ground out 6-3 (Groundball, 6)
|
Batting: RHB Jaime Delgado
|
0-0: Ball 1-0: Ball 2-0: Foul Ball, location: 2F 2-1: Foul Ball, location: 2F 2-2: Foul Ball, location: 2F 2-2: SINGLE (Groundball, 6D)
|
Batting: RHB Lúcio Ramírez
|
0-0: Ball Jaime Delgado is caught stealing 2nd base 1-0: Called Strike 1-1: Ball 2-1: Foul Ball, location: 2F 2-2: Strikes out swinging
|
Top of the 1st over - 0 run(s), 1 hit(s), 0 error(s), 0 left on base; Scottsdale 0 - Athens 0 |
BOTTOM OF THE 1ST |
Athens Assassins batting - Pitching for Scottsdale Scorpions : RHP Tomás Muñóz
|
Pitching: RHP Tomás Muñóz
|
|
Batting: SHB Félix Montoya
|
0-0: SINGLE (Line Drive, 7S)
|
Batting: RHB Alexander Barr
|
0-0: Ball 1-0: Ball 2-0: Fly out, F9 (Flyball, 9LM)
|
Batting: RHB Jason Erickson
|
0-0: Swinging Strike 0-1: Ground out 2-3 (Groundball, 15S) Félix Montoya to second
|
Batting: RHB Foster Hapgood
|
0-0: Ball 1-0: Foul Ball, location: 2F 1-1: Swinging Strike 1-2: Foul Ball, location: 2F 1-2: Strikes out looking
|
Bottom of the 1st over - 0 run(s), 1 hit(s), 0 error(s), 1 left on base; Scottsdale 0 - Athens 0 |
TOP OF THE 2ND |
Scottsdale Scorpions batting - Pitching for Athens Assassins : RHP Lee Hecker
|
Batting: LHB Sergio Fernández
|
0-0: Foul Ball, location: 2F 0-1: Foul Ball, location: 2F 0-2: Ball 1-2: Strikes out swinging
|
Batting: SHB Arnold Moore
|
0-0: Ball 1-0: Ball 2-0: Ball 3-0: Called Strike 3-1: Foul Ball, location: 2F 3-2: Base on Balls
|
Batting: SHB Juan Gonzáles
|
0-0: Ball 1-0: Ball 2-0: Called Strike 2-1: Foul Ball, location: 2F 2-2: Strikes out swinging
|
Batting: RHB Cristián Román
|
0-0: Swinging Strike 0-1: Ball 1-1: Ball 2-1: Fly out, F9 (Flyball, 9)
|
Top of the 2nd over - 0 run(s), 0 hit(s), 0 error(s), 1 left on base; Scottsdale 0 - Athens 0 |
BOTTOM OF THE 2ND |
Athens Assassins batting - Pitching for Scottsdale Scorpions : RHP Tomás Muñóz
|
Batting: RHB Júlio Rodríguez
|
0-0: Ball 1-0: Called Strike 1-1: Ball 2-1: Ball 3-1: Called Strike 3-2: Fly out, F6 (Popup, 56D)
|
Batting: LHB Milo Glenn
|
0-0: Ball 1-0: Ball 2-0: Fly out, F9 (Flyball, 89M)
|
Batting: RHB Emílio García
|
0-0: Called Strike 0-1: Swinging Strike 0-2: Ball 1-2: Foul Ball, location: 2F 1-2: Strikes out swinging
|
Bottom of the 2nd over - 0 run(s), 0 hit(s), 0 error(s), 0 left on base; Scottsdale 0 - Athens 0 |
TOP OF THE 3RD |
Scottsdale Scorpions batting - Pitching for Athens Assassins : RHP Lee Hecker
|
Batting: LHB José Garza
|
0-0: Foul Ball, location: 2F 0-1: Ball 1-1: Ball 2-1: Bunted foul 2-2: Foul Ball, location: 2F 2-2: Ball 3-2: Foul Ball, location: 2F 3-2: Base on Balls
|
Batting: RHB Robinson Fernández
|
0-0: Foul Ball, location: 2F 0-1: Ball 1-1: Ball 2-1: SINGLE (Groundball, 6D) José Garza to second
|
Batting: LHB Ernesto Hernández
|
0-0: Called Strike José Garza steals 3rd base Robinson Fernández to second 0-1: Ball 1-1: Foul Ball, location: 2F 1-2: Ball 2-2: DOUBLE (Flyball, 7LM) José Garza scores Robinson Fernández scores
|
Batting: RHB Jaime Delgado
|
0-0: Ball 1-0: SINGLE (Flyball, 89S) Ernesto Hernández to third
|
Batting: RHB Lúcio Ramírez
|
0-0: Ball 1-0: Called Strike Jaime Delgado steals 2nd base 1-1: Swinging Strike 1-2: Ground out 4-3 (Groundball, 4) Ernesto Hernández scores Jaime Delgado to third
|
Batting: LHB Sergio Fernández
|
0-0: Ball 1-0: Ball Wild Pitch! Jaime Delgado scores 2-0: Called Strike 2-1: Ball 3-1: Called Strike 3-2: Foul Ball, location: 2F 3-2: Foul Ball, location: 2F 3-2: Base on Balls
|
Batting: SHB Arnold Moore
|
0-0: Called Strike 0-1: Ball 1-1: Ball 2-1: Foul Ball, location: 2F 2-2: Foul Ball, location: 2F 2-2: Ball Pickoff Throw by Catcher to First - Error! E2 Sergio Fernández to second 3-2: Base on Balls
|
Batting: SHB Juan Gonzáles
|
0-0: Ball 1-0: Swinging Strike 1-1: 3-RUN HOME RUN (Flyball, 89XD), Distance : 393 ft
|
Pitching: RHP Kieron Lahyani
|
|
Batting: RHB Cristián Román
|
0-0: Called Strike 0-1: Ball 1-1: Called Strike 1-2: DOUBLE (Line Drive, 9LS)
|
Batting: LHB José Garza
|
0-0: Foul Ball, location: 2F 0-1: Ball 1-1: Ball 2-1: Swinging Strike 2-2: Foul Ball, location: 2F 2-2: Ball 3-2: Fly out, F8 (Flyball, 8LM)
|
Batting: RHB Robinson Fernández
|
0-0: Ball 1-0: Swinging Strike 1-1: Ground out 5-3 (Groundball, 56)
|
Top of the 3rd over - 7 run(s), 5 hit(s), 1 error(s), 1 left on base; Scottsdale 7 - Athens 0 |
BOTTOM OF THE 3RD |
Athens Assassins batting - Pitching for Scottsdale Scorpions : RHP Tomás Muñóz
|
Batting: RHB James Anderson
|
0-0: Called Strike 0-1: Ball 1-1: Foul Ball, location: 2F 1-2: Ground out 6-3 (Groundball, 56)
|
Batting: LHB George Flanagan
|
0-0: Ground out 4-3 (Groundball, 4)
|
Batting: SHB Félix Montoya
|
0-0: Ball 1-0: Foul Ball, location: 2F 1-1: Called Strike 1-2: Strikes out swinging
|
Bottom of the 3rd over - 0 run(s), 0 hit(s), 0 error(s), 0 left on base; Scottsdale 7 - Athens 0 |
TOP OF THE 4TH |
Scottsdale Scorpions batting - Pitching for Athens Assassins : RHP Kieron Lahyani
|
Batting: LHB Ernesto Hernández
|
0-0: Ball 1-0: Foul Ball, location: 2F 1-1: Ball 2-1: Foul Ball, location: 2F 2-2: Ball 3-2: Fly out, F5 (Popup, 56S)
|
Batting: RHB Jaime Delgado
|
0-0: Swinging Strike 0-1: Ball 1-1: Foul Ball, location: 2F 1-2: Ball 2-2: Ball 3-2: Foul Ball, location: 2F 3-2: SINGLE (Line Drive, 8RS)
|
Batting: RHB Lúcio Ramírez
|
0-0: Called Strike 0-1: Swinging Strike 0-2: Ball 1-2: Strikes out swinging Jaime Delgado steals 2nd base Batter strikes out.
|
Batting: LHB Sergio Fernández
|
0-0: Called Strike 0-1: Ball 1-1: Foul Ball, location: 2F 1-2: Strikes out swinging
|
Top of the 4th over - 0 run(s), 1 hit(s), 0 error(s), 1 left on base; Scottsdale 7 - Athens 0 |
BOTTOM OF THE 4TH |
Athens Assassins batting - Pitching for Scottsdale Scorpions : RHP Tomás Muñóz
|
Batting: RHB Alexander Barr
|
0-0: Foul Ball, location: 2F 0-1: Foul Ball, location: 2F 0-2: Strikes out swinging
|
Pitching: RHP Julián García
|
|
Batting: RHB Jason Erickson
|
0-0: Called Strike 0-1: Foul Ball, location: 2F 0-2: Strikes out looking
|
Batting: RHB Foster Hapgood
|
0-0: Called Strike 0-1: Fly out, F7 (Line Drive, 78D)
|
Bottom of the 4th over - 0 run(s), 0 hit(s), 0 error(s), 0 left on base; Scottsdale 7 - Athens 0 |
TOP OF THE 5TH |
Scottsdale Scorpions batting - Pitching for Athens Assassins : RHP Kieron Lahyani
|
Batting: SHB Arnold Moore
|
0-0: Called Strike 0-1: Ball 1-1: Ball 2-1: SOLO HOME RUN (Flyball, 89XD), Distance : 413 ft
|
Batting: SHB Juan Gonzáles
|
0-0: Ball 1-0: Ground out 3-1 (Groundball, 34)
|
Batting: RHB Cristián Román
|
0-0: Ball 1-0: Ball 2-0: Foul Ball, location: 2F 2-1: Ball 3-1: Base on Balls
|
Batting: LHB José Garza
|
0-0: Ball 1-0: Ball 2-0: Called Strike 2-1: Ball 3-1: Foul Ball, location: 2F 3-2: Base on Balls Cristián Román to second
|
Pitching: RHP Jorge Román
|
|
Batting: RHB Robinson Fernández
|
0-0: Ball 1-0: Swinging Strike 1-1: Foul Ball, location: 2F 1-2: Strikes out looking
|
Batting: LHB Ernesto Hernández
|
0-0: Foul Ball, location: 2F 0-1: Swinging Strike 0-2: Strikes out swinging
|
Top of the 5th over - 1 run(s), 1 hit(s), 0 error(s), 2 left on base; Scottsdale 8 - Athens 0 |
BOTTOM OF THE 5TH |
Athens Assassins batting - Pitching for Scottsdale Scorpions : RHP Julián García
|
Batting: RHB Júlio Rodríguez
|
0-0: Foul Ball, location: 2F 0-1: Ball 1-1: Ball 2-1: Swinging Strike 2-2: Foul Ball, location: 2F 2-2: Ball 3-2: Strikes out swinging
|
Batting: LHB Milo Glenn
|
0-0: Ball 1-0: Ball 2-0: Foul Ball, location: 2F 2-1: Swinging Strike 2-2: Foul Ball, location: 2F 2-2: Ball 3-2: Base on Balls
|
Batting: RHB Emílio García
|
0-0: Ball 1-0: Called Strike 1-1: Foul Ball, location: 2F 1-2: Strikes out swinging
|
Batting: RHB James Anderson
|
0-0: Ball Milo Glenn is caught stealing 2nd base
|
Bottom of the 5th over - 0 run(s), 0 hit(s), 0 error(s), 0 left on base; Scottsdale 8 - Athens 0 |
TOP OF THE 6TH |
Scottsdale Scorpions batting - Pitching for Athens Assassins : RHP Jorge Román
|
Batting: RHB Jaime Delgado
|
0-0: Ball 1-0: Ball 2-0: Foul Ball, location: 2F 2-1: Foul Ball, location: 2F 2-2: Foul Ball, location: 2F 2-2: SOLO HOME RUN (Line Drive, 78XD), Distance : 410 ft
|
Batting: RHB Lúcio Ramírez
|
0-0: Swinging Strike 0-1: SINGLE (Groundball, 15S) (infield hit)
|
Batting: LHB Sergio Fernández
|
0-0: Ball 1-0: Foul Ball, location: 2F 1-1: Called Strike 1-2: Foul Ball, location: 2F 1-2: Strikes out swinging
|
Batting: SHB Arnold Moore
|
0-0: Called Strike 0-1: Ball 1-1: Foul Ball, location: 2F 1-2: Ball 2-2: Fielders Choice at 2nd, 4-6 (Groundball, 34)
|
Batting: SHB Juan Gonzáles
|
0-0: Fly out, F8 (Flyball, 8LD)
|
Top of the 6th over - 1 run(s), 2 hit(s), 0 error(s), 1 left on base; Scottsdale 9 - Athens 0 |
BOTTOM OF THE 6TH |
Athens Assassins batting - Pitching for Scottsdale Scorpions : RHP Julián García
|
Batting: RHB James Anderson
|
0-0: Swinging Strike 0-1: Ball 1-1: Ball 2-1: Swinging Strike 2-2: Ball 3-2: Ground out 5-3 (Groundball, 5)
|
Batting: LHB George Flanagan
|
0-0: Swinging Strike 0-1: Called Strike 0-2: Ball 1-2: Ball 2-2: Strikes out looking
|
Batting: SHB Félix Montoya
|
0-0: Called Strike 0-1: Foul Ball, location: 2F 0-2: Ball 1-2: Strikes out swinging
|
Bottom of the 6th over - 0 run(s), 0 hit(s), 0 error(s), 0 left on base; Scottsdale 9 - Athens 0 |
TOP OF THE 7TH |
Scottsdale Scorpions batting - Pitching for Athens Assassins : RHP Jorge Román
|
Batting: RHB Cristián Román
|
0-0: Swinging Strike 0-1: Foul Ball, location: 2F 0-2: Ball 1-2: Ball 2-2: Ball 3-2: Strikes out swinging
|
Batting: LHB José Garza
|
0-0: Called Strike 0-1: Ball 1-1: Ball 2-1: Foul Ball, location: 2F 2-2: Strikes out swinging
|
Batting: RHB Robinson Fernández
|
0-0: Ground out U3 (Groundball, 34)
|
Top of the 7th over - 0 run(s), 0 hit(s), 0 error(s), 0 left on base; Scottsdale 9 - Athens 0 |
BOTTOM OF THE 7TH |
Athens Assassins batting - Pitching for Scottsdale Scorpions : RHP Julián García
|
Batting: RHB Alexander Barr
|
0-0: Ball 1-0: Ball 2-0: Ball 3-0: Base on Balls
|
Batting: RHB Jason Erickson
|
0-0: Called Strike 0-1: Fly out, F9 (Flyball, 9)
|
Batting: RHB Foster Hapgood
|
0-0: Called Strike 0-1: Ball 1-1: SINGLE (Line Drive, 6M) Alexander Barr to second
|
Batting: RHB Júlio Rodríguez
|
0-0: Ball 1-0: Foul Ball, location: 2F 1-1: Ball 2-1: Fly out, F7 (Line Drive, 7S)
|
Batting: LHB Milo Glenn
|
0-0: Ball 1-0: Swinging Strike 1-1: Called Strike 1-2: Ball 2-2: Foul Ball, location: 2F 2-2: Ball 3-2: Fly out, F9 (Line Drive, 89S)
|
Bottom of the 7th over - 0 run(s), 1 hit(s), 0 error(s), 2 left on base; Scottsdale 9 - Athens 0 |
TOP OF THE 8TH |
Scottsdale Scorpions batting - Pitching for Athens Assassins : RHP Jorge Román
|
Pitching: LHP Desi Wells
|
|
Batting: LHB Ernesto Hernández
|
0-0: Ball 1-0: Called Strike 1-1: Ball 2-1: Foul Ball, location: 2F 2-2: Strikes out swinging
|
Batting: RHB Jaime Delgado
|
0-0: Ground out 6-3 (Groundball, 6)
|
Batting: RHB Lúcio Ramírez
|
0-0: Ball 1-0: Swinging Strike 1-1: Foul Ball, location: 2F 1-2: Ball 2-2: Strikes out swinging
|
Top of the 8th over - 0 run(s), 0 hit(s), 0 error(s), 0 left on base; Scottsdale 9 - Athens 0 |
BOTTOM OF THE 8TH |
Athens Assassins batting - Pitching for Scottsdale Scorpions : RHP Julián García
|
Now at SS: Ricardo Gutiérrez
|
|
Now in RF: Justin Holland
|
|
Batting: RHB Emílio García
|
0-0: Ball 1-0: Ball 2-0: Foul Ball, location: 2F 2-1: Ground out 6-3 (Groundball, 6)
|
Batting: RHB James Anderson
|
0-0: Foul Ball, location: 2F 0-1: Foul Ball, location: 2F 0-2: Ball 1-2: Foul Ball, location: 2F 1-2: Foul Ball, location: 2F 1-2: Ball 2-2: Ball 3-2: Foul Ball, location: 2F 3-2: Strikes out looking
|
Batting: LHB George Flanagan
|
0-0: Ball 1-0: Fly out, F7 (Flyball, 7LS)
|
Bottom of the 8th over - 0 run(s), 0 hit(s), 0 error(s), 0 left on base; Scottsdale 9 - Athens 0 |
TOP OF THE 9TH |
Scottsdale Scorpions batting - Pitching for Athens Assassins : LHP Desi Wells
|
Batting: LHB Sergio Fernández
|
0-0: Ball 1-0: Ball 2-0: Ball 3-0: Base on Balls
|
Batting: SHB Arnold Moore
|
0-0: Called Strike 0-1: Ball 1-1: Fly out, F9 (Flyball, 9S)
|
Batting: SHB Juan Gonzáles
|
0-0: Hit by Pitch Sergio Fernández to second
|
Batting: RHB Cristián Román
|
0-0: Called Strike 0-1: Ball 1-1: Grounds into double play, 4-6-3 (Groundball, 4)
|
Top of the 9th over - 0 run(s), 0 hit(s), 0 error(s), 1 left on base; Scottsdale 9 - Athens 0 |
BOTTOM OF THE 9TH |
Athens Assassins batting - Pitching for Scottsdale Scorpions : RHP Julián García
|
Batting: SHB Félix Montoya
|
0-0: Foul Ball, location: 2F 0-1: Swinging Strike 0-2: Ball 1-2: Strikes out swinging
|
Batting: RHB Alexander Barr
|
0-0: Ball 1-0: Ball 2-0: Ball 3-0: Called Strike 3-1: Base on Balls
|
Batting: RHB Jason Erickson
|
0-0: Ball 1-0: Fly out, F7 (Flyball, 78S)
|
Pitching: RHP John Field
|
|
Batting: RHB Foster Hapgood
|
0-0: Ball 1-0: Ball 2-0: Foul Ball, location: 2F 2-1: SINGLE (Flyball, 9LS) Alexander Barr to second Runner from 2nd tries for 3rd, SAFE, throw made to third
|
Batting: RHB Júlio Rodríguez
|
0-0: Ball 1-0: Called Strike 1-1: Foul Ball, location: 2F 1-2: Ball 2-2: Ball 3-2: Base on Balls Foster Hapgood to second
|
Batting: LHB Milo Glenn
|
0-0: Called Strike 0-1: Ball 1-1: DOUBLE (Groundball, 3L) Alexander Barr scores Foster Hapgood scores Júlio Rodríguez to third Runner from 3rd tries for Home, SAFE, throw made home
|
Batting: RHB Emílio García
|
0-0: Ball 1-0: Called Strike 1-1: Called Strike 1-2: Ball 2-2: Ball 3-2: Foul Ball, location: 2F 3-2: Strikes out swinging
|
Bottom of the 9th over - 3 run(s), 2 hit(s), 0 error(s), 1 left on base; Scottsdale 9 - Athens 3 |
|